 Dungeon Crawl Stone Soup version 0.28-a0-1518-gbe868bca14 (webtiles) character file.

Game seed: 9786321683983064874

1037 fragbeetle the Insei (level 8, -5/66 HPs)
             Began as a Pale Draconian Transmuter on Jan 17, 2022.
             Slain by a water moccasin (7 damage)
             ... on level 4 of the Dungeon.
             The game lasted 00:10:07 (6003 turns).

fragbeetle the Insei (Pale Draconian Transmuter)    Turns: 6003, Time: 00:10:08

Health: -5/66      AC:  6    Str: 12    XL:     8   Next: 4%
Magic:  11/11      EV: 13    Int: 15    God:
Gold:   188        SH:  0    Dex: 13    Spells: 1/11 levels left

rFire   . . .      SeeInvis .     - Unarmed
rCold   . . .      Faith    .   (no shield)
rNeg    . . .      Spirit   .   (armour unavailable)
rPois   .          Reflect  .   (helmet restricted)
rElec   .          Harm     .   (no cloak)
rCorr   .          Rampage  .   (no gloves)
Will    .....                   (no boots)
Stlth   +.........              (no amulet)
HPRegen 0.21/turn               (no ring)
MPRegen 0.12/turn               (no ring)

@: short of breath
A: breathe steam, AC +6, unfitting armour, cold-blooded, steam resistance
a: Breathe Steam


You were on level 4 of the Dungeon.
You visited 1 branch of the dungeon, and saw 4 of its levels.

You collected 188 gold pieces.

Inventory:

Hand Weapons
 d - a +5 short sword of distortion
 j - a +4 hunting sling
Missiles
 b - 48 stones
 c - 27 sling bullets
 g - 6 poisoned darts
Jewellery
 i - a ring of willpower
 o - an amulet of regeneration
Wands
 m - a wand of paralysis (9)
Scrolls
 a - 2 scrolls of blinking
 e - 2 scrolls of fear {unknown}
 l - a scroll of noise {unknown}
 n - a scroll of magic mapping {unknown}
Potions
 h - a potion of might
 k - a potion of resistance


   Skills:
 + Level 3.8 Fighting
 + Level 3.5 Dodging
 * Level 5.8 Unarmed Combat
 - Level 2.0 Spellcasting
 * Level 5.4 Transmutations
 + Level 1.0 Ice Magic
 + Level 2.9 Poison Magic


You had one spell level left.
You knew the following spells:

 Your Spells              Type           Power      Damage    Failure   Level
a - Beastly Appendage     Tmut           34%        N/A       2%          1
b - Spider Form           Tmut/Pois      13%        N/A       12%         3
c - Ice Form              Ice/Tmut       11%        N/A       52%         4
d - Blink                 Tloc           2%         N/A       32%         2

Your spell library contained the following spells:

 Spells                   Type           Power      Damage    Failure   Level
 Slow                     Hex            4%         N/A       22%         1
 Wereblood                Tmut           17%        N/A       3%          2
 Passwall                 Tmut/Erth      7%         N/A       11%         2
 Ensorcelled Hibernation  Hex/Ice        6%         N/A       26%         2
 Confusing Touch          Hex            1%         N/A       54%         3
 Lesser Beckoning         Tloc           1%         N/A       54%         3
 Swiftness                Air            1%         N/A       54%         3
 Vampiric Draining        Necr           1%         2d6       54%         3
 Manifold Assault         Tloc           1%         N/A       99%         5
 Summon Forest            Summ/Tloc      0%         N/A       99%         5
 Eringya's Noxious Bog    Tmut/Pois      6%         N/A       99%         6
 Summon Hydra             Summ           0%         N/A       100%        7


Dungeon Overview and Level Annotations

Branches:
Dungeon (4/15)
 Temple: D:4-7

Altars:
Xom


Innate Abilities, Weirdness & Mutations

You can breathe blasts of scalding, opaque steam.
Your pale cyan-grey scales are hard. (AC +6)
You cannot fit into any form of body armour.
You are cold-blooded and may be slowed by cold attacks.
You are immune to the effects of steam.


Message History

The water moccasin is heavily wounded.
The water moccasin bites you.
* * * LOW HITPOINT WARNING * * *
You miss the water moccasin. Your kick misses the water moccasin.
Your headbutt misses the water moccasin.
Your punch misses the water moccasin.
The water moccasin is heavily wounded.
The water moccasin barely misses you.
You closely miss the water moccasin. Your kick misses the water moccasin.
The water moccasin is heavily wounded.
The water moccasin barely misses you. The water moccasin closely misses you.
You closely miss the water moccasin. Your kick misses the water moccasin.
The water moccasin is heavily wounded.
The water moccasin bites you.
* * * LOW HITPOINT WARNING * * *
You are lethally poisoned!
The water moccasin poisons you!
You feel better. The water moccasin closely misses you.
You miss the water moccasin.
Your headbutt misses the water moccasin.
Your punch misses the water moccasin.
The water moccasin is heavily wounded.
The water moccasin bites you!
* * * LOW HITPOINT WARNING * * *
The water moccasin bites you.
* * * LOW HITPOINT WARNING * * *
Aiming: Paralyse
Press: ? - help, Shift-Dir - straight line, f - water moccasin
Aim: a water moccasin (heavily wounded, chance to affect: 49%)
Okay, then.
Unknown command.
Aiming: Breathe Steam (1% risk of failure)
Press: ? - help, Shift-Dir - straight line, f - water moccasin
Aim: a water moccasin (heavily wounded, 53% to hit)
You exhale a blast of scalding steam.
The ball of steam misses the water moccasin.
Your horns disappear.
Your talons disappear.
The water moccasin is engulfed in a cloud of scalding steam.
The water moccasin bites you!
You die...

......## #..### #...#.#..#.......
##...## #.## ##..##............
###..####.# #......#....#.....
#........## #..#.#.....###..#.
#.#...##..############..# #....
##.#..###......#..# .#..###....
##.##>.# #.######).# .####.....#
....#..###.## #S# #[)#.....##
##.....##...####@# #S$#.....#.
##..##...##..#.#.# #######..#.#.
#...###..####..#.####.†..##....#.
#...# #..###...##....####.#....#.
.#..# #......######### #.#)#.)#.
#...###......#....'†.# #.##[#)##
##...#..###..#.88.#..####.##.<..#
###..#.......#.88.###..†.##......
####.........#....#########......


You could see a water moccasin.

Vanquished Creatures
  Sigmund (D:4)
  Eustachio (D:4)
  Duvessa (D:4)
  A scorpion (D:4)
  Dowan (D:4)
  A water moccasin skeleton (D:4)
  2 jellies (D:4)
  A gnoll shaman (D:4)
  2 orc priests (D:4)
  4 orc wizards (D:4)
  4 adders
  11 gnolls
  2 worms (D:2)
  2 dart slugs
  9 orcs (D:4)
  6 ball pythons
  A bat (D:1)
  6 endoplasms
  6 goblins
  7 hobgoblins
  An iguana (D:4)
  9 jackals
  8 kobolds
  3 quokkas
  A frilled lizard (D:2)
  A jackal skeleton (D:4)
  3 rats
95 creatures vanquished.

Notes
Turn   | Place    | Note
-------+----------+-------------------------------------------
     0 | D:1      | fragbeetle the Draconian Transmuter began the quest for the
                  | Orb.
     0 | D:1      | Reached XP level 1. HP: 16/16 MP: 3/3
   169 | D:1      | You fall into a shaft and drop 1 floor!
   246 | D:2      | Reached XP level 2. HP: 21/23 MP: 3/5
   464 | D:2      | Reached XP level 3. HP: 19/28 MP: 4/6
   468 | D:2      | Learned a level 3 spell: Spider Form
  1538 | D:2      | Reached XP level 4. HP: 36/36 MP: 5/7
  3191 | D:4      | Noticed Eustachio
  3305 | D:4      | Killed Eustachio
  3306 | D:4      | Reached skill level 1 in Poison Magic
  3306 | D:4      | Reached XP level 5. HP: 18/42 MP: 5/8
  3500 | D:4      | Reached XP level 6. HP: 49/50 MP: 7/9
  3648 | D:4      | Found a shimmering altar of Xom.
  4459 | D:4      | Noticed Duvessa
  4463 | D:4      | Noticed Dowan
  4517 | D:4      | Killed Duvessa
  4518 | D:4      | Your scales start taking on a pale cyan-grey colour.
  4518 | D:4      | Reached XP level 7. HP: 37/57 MP: 5/10
  4518 | D:4      | Gained mutation: You are immune to the effects of steam.
                  | [Pale Draconian growth]
  4523 | D:4      | Reached skill level 5 in Unarmed Combat
  4628 | D:4      | Killed Dowan
  4683 | D:4      | Noticed Sigmund
  4706 | D:4      | Killed Sigmund
  4872 | D:4      | Reached skill level 5 in Transmutations
  4889 | D:4      | Learned a level 4 spell: Ice Form
  4892 | D:4      | Learned a level 2 spell: Blink
  5969 | D:4      | Reached XP level 8. HP: 66/66 MP: 8/11
  5986 | D:4      | Reached skill level 1 in Ice Magic
  6002 | D:4      | HP: 2/66 [water moccasin (6)]
  6003 | D:4      | Slain by a water moccasin

Illustrated notes

Levels and vault maps discovered:
D:1:      minmay_arrival_doors, layout_basic
D:2:      layout_loops_corners
D:3:      layout_loops_cross, palyth_stone_intersect, minivault_11,
          minmay_misc_feat_x
D:4:      minmay_chambers_of_fours, layout_layer_cave, dk_xom_monty_hall,
          uniq_eustachio, uniq_sigmund, uniq_duvessa

Skill      XL: |  1  2  3  4  5  6  7  8 |
---------------+-------------------------+-----
Dodging        | 2 3 |  3.5
Transmutations | 3 4 5 |  5.4
Fighting       | 2 3 |  3.8
Unarmed Combat | 4 5 |  5.8
Poison Magic   | 1 2 |  2.9
Ice Magic      | 1 |  1.0
Spellcasting   | |  2.0

Action                   |  1- 3 |  4- 6 |  7- 9 || total
-------------------------+-------+-------+-------++-------
Melee: Unarmed           |    87 |   107 |   103 ||   297
       Kick              |    16 |    20 |     9 ||    45
       Headbutt          |    11 |     4 |     5 ||    20
       Punch             |     2 |     1 |       ||     3
       Tailslap          |     9 |     5 |     6 ||    20
 Cast: Beastly Appendage |    26 |    15 |     6 ||    47
       Spider Form       |       |     7 |     8 ||    15
       Blink             |       |       |     1 ||     1
 Abil: Breathe Steam     |       |       |     3 ||     3
  Use: Scroll            |       |     4 |       ||     4
       Potion            |       |       |     2 ||     2
 Stab: Sleeping          |       |     1 |       ||     1
       Distracted        |       |       |     1 ||     1
Armor: Skin              |    14 |    20 |    19 ||    53
Dodge: Dodged            |    44 |   105 |    59 ||   208

Table legend: (Time is in decaauts)
 A = Elapsed time spent in this place.
 B = Non-inter-level travel time spent in this place.
 C = Inter-level travel time spent in this place.
 D = Time resting spent in this place.
 E = Time spent auto-exploring this place.
 F = Levels seen in this place.
 G = Mean time per level.
                   A        B        C        D        E       F      G
               +--------+--------+--------+--------+--------+-----+--------+
         Total |   5984 |   5928 |     56 |   1295 |   3665 |   4 | 1496.0 |
       Dungeon |   5984 |   5928 |     56 |   1295 |   3665 |   4 | 1496.0 |
               +--------+--------+--------+--------+--------+-----+--------+

Top non-repeatable levels by time:
     D:4: 2189 daAuts
     D:3: 1626 daAuts
     D:2: 1181 daAuts
     D:1: 987 daAuts
